 Dungeon Crawl Stone Soup version 0.25.1-2-g60ff931df9 (webtiles) character file.

Game seed: 845803772623635023

181 Acheron the Ducker (level 5, 0/37 HPs)
             Began as a Merfolk Air Elementalist on Sept 7, 2020.
             Succumbed to a water moccasin's poison
             ... on level 5 of the Dungeon.
             The game lasted 00:32:08 (4947 turns).

Acheron the Ducker (Merfolk Air Elementalist)       Turns: 4947, Time: 00:32:09

Health: 0/37       AC:  4    Str:  8    XL:     5   Next: 61%
Magic:  8/8        EV: 12    Int: 15    God:
Gold:   208        SH:  5    Dex: 15    Spells: 3/9 levels left

rFire    . . .     SeeInvis .   p - +0 short sword
rCold    . . .     Gourm    .   e - +1 buckler
rNeg     . . .     Faith    .   k - +1 leather armour
rPois    .         Spirit   .   (no helmet)
rElec    .         Reflect  .   (no cloak)
rCorr    .         Harm     .   (no gloves)
MR       .....                  (no boots)
Stlth    ++........             n - amulet of regeneration
HPRegen  0.52/turn              (no ring)
MPRegen  0.11/turn              (no ring)

@: lethally poisoned (0 -> -11), flying
A: change form in water, swift swim, stealthy swim
a: no special abilities


You were on level 5 of the Dungeon.
You were not hungry.

You visited 1 branch of the dungeon, and saw 6 of its levels.

You collected 208 gold pieces.

Inventory:

Hand Weapons
 b - a +0 dagger
 j - a +0 hand axe
 l - a +0 whip
 p - a +0 short sword (weapon)
Missiles
 d - 167 stones (quivered)
Armour
 e - a +1 buckler (worn)
 k - a +1 leather armour (worn)
Jewellery
 n - an amulet of regeneration (around neck)
Scrolls
 a - a scroll of remove curse
 h - 2 scrolls of fog
Potions
 f - a potion of magic
 o - a potion of might {unknown}
 s - 3 potions of stabbing
Comestibles
 c - 5 rations
 g - 2 chunks of flesh


   Skills:
 * Level 1.1 Fighting
 * Level 0.9 Short Blades
 * Level 1.2 Throwing
 * Level 0.5 Armour
 * Level 3.5 Dodging
 * Level 2.8 Stealth
 * Level 1.0 Shields
 * Level 2.6 Spellcasting
 * Level 1.6 Conjurations
 * Level 1.1 Charms
 * Level 2.9 Air Magic


You had 3 spell levels left.
You knew the following spells:

 Your Spells              Type           Power        Failure   Level  Hunger
a - Shock                 Conj/Air       #...         17%         1    #......
b - Swiftness             Chrm/Air       #.......     28%         2    ###....
c - Static Discharge      Conj/Air       #.......     45%         3    ###....

Your spell library contained the following spells:

 Spells                   Type           Power        Failure   Level  Hunger
 Airstrike                Air            ##........   80%         4    #####..
 Lightning Bolt           Conj/Air       #.........   99%         5    ######.


Dungeon Overview and Level Annotations

Branches:
Dungeon (6/15)
 Temple: D:4-7

Altars:
Ashenzari
Sif Muna

Annotations:
D:2 Ijyb
D:3 Sigmund, Terence


Message History

You miss the water moccasin.
You feel sick. The water moccasin bites you!
You are more poisoned.
The water moccasin poisons you!
As you read the scroll of teleportation, it crumbles to dust.
You feel strangely unstable.
You feel sick. The water moccasin misses you. The water moccasin bites you!
* * * LOW HITPOINT WARNING * * *
You no longer feel sluggish.
You feel sick. The water moccasin bites you.
* * * LOW HITPOINT WARNING * * *
You are more poisoned.
The water moccasin poisons you!
Your surroundings suddenly seem different.
* * * LOW HITPOINT WARNING * * *
You feel sick.
Found a ring mail.
It was a potion of flight.
You feel very buoyant.
You fly up into the air.
You die...

.....#...#
.#.#...... ...
##....... ...
.....# #.#
...### ###.#
##.# .#.## ...#
... # #..#
#.#.# #..######
#@..# ........#
#.### ###.>S<.#
..# # #.....#
#..# ####....#
...# .......###
#[#.#
.####....#
..#.#
....#....#
##.##.#
.........##...#


There were no monsters in sight!

Vanquished Creatures
  A hound (D:3)
  A worker ant (D:5)
  A howler monkey skeleton (D:2)
  2 adders (D:3)
  2 oozes (D:3)
  A dart slug (D:1)
  5 leopard geckos
  7 orcs
  4 bats
  2 giant cockroaches
  11 goblins
  9 hobgoblins
  7 kobolds
  2 quokkas (D:5)
  7 frilled lizards
  A quokka skeleton (D:2)
  A quokka zombie (D:4)
  10 rats
74 creatures vanquished.

Notes
Turn   | Place    | Note
-------+----------+-------------------------------------------
     0 | D:1      | Acheron the Merfolk Air Elementalist began the quest for
                  | the Orb.
     0 | D:1      | Reached XP level 1. HP: 13/13 MP: 3/3
   209 | D:1      | Reached skill level 3 in Dodging
   209 | D:1      | Reached XP level 2. HP: 15/19 MP: 3/5
   593 | D:1      | Reached skill level 1 in Conjurations
   819 | D:1      | Learned a level 2 spell: Swiftness
   842 | D:1      | Reached XP level 3. HP: 24/24 MP: 2/6
  1859 | D:2      | Found a shimmering blue altar of Sif Muna.
  1925 | D:2      | Reached XP level 4. HP: 31/31 MP: 4/7
  1968 | D:2      | Found a shattered altar of Ashenzari.
  2106 | D:1      | Learned a level 3 spell: Static Discharge
  2844 | D:3      | Noticed Ijyb
  3316 | D:3      | Noticed Sigmund
  3358 | D:3      | Reached skill level 1 in Throwing
  3565 | D:3      | Reached skill level 1 in Charms
  3565 | D:3      | Reached XP level 5. HP: 11/36 MP: 8/8
  4058 | D:3      | Noticed a phantom
  4073 | D:3      | Noticed Terence
  4507 | D:5      | Entered Level 5 of the Dungeon
  4605 | D:5      | Reached skill level 1 in Fighting
  4847 | D:5      | Reached skill level 1 in Shields
  4913 | D:5      | Noticed a water moccasin
  4946 | D:5      | HP: 1/37 [poisoned by a water moccasin]
  4947 | D:5      | Succumbed to a water moccasin's poison

Illustrated notes

Levels and vault maps discovered:
D:1:      dpeg_arrival_leaves_temple_mockup, layout_basic
D:2:      layout_basic, lemuel_round_altar, ashenzari_conservatory_becter,
          first_ration
D:3:      layout_basic, grunt_ministairs_10, uniq_sigmund, uniq_robin,
          uniq_natasha, uniq_terence, uniq_ijyb
D:4:      layout_basic, lemuel_round_altar, gammafunk_ghost_nasty_kobolds,
          chequers_serial_rivers_micro_c, uniq_grinder
D:5:      layout_rooms, nemelex_altar_shiori
D:6:      layout_gridville, kennysheep_mini

Skill      XL: |  1  2  3  4  5 |
---------------+----------------+-----
Dodging        | 3 |  3.5
Conjurations   | 1 |  1.6
Throwing       | 1 |  1.2
Charms         | 1 |  1.1
Fighting       | 1 |  1.1
Shields        | 1 |  1.0
Short Blades   | |  0.9
Armour         | |  0.5
Stealth        | |  2.8
Spellcasting   | |  2.6
Air Magic      | |  2.9

Action                   |  1- 3 |  4- 6 || total
-------------------------+-------+-------++-------
Melee: Dagger            |    88 |    34 ||   122
       Short sword       |       |   144 ||   144
 Cast: Shock             |    52 |    55 ||   107
       Swiftness         |       |     1 ||     1
  Use: Scroll            |       |    15 ||    15
       Potion            |       |     2 ||     2
 Stab: Sleeping          |     3 |     3 ||     6
  Eat: Chunk             |     4 |     4 ||     8
       Ration            |       |     2 ||     2
Armor: Robe              |     9 |       ||     9
       Leather armour    |       |    41 ||    41
Dodge: Dodged            |    55 |   113 ||   168
Block: Buckler           |       |    43 ||    43
